 Dungeon Crawl Stone Soup version 0.26-a0-800-g517d6fe721 (webtiles) character file.

Game seed: 1297038478974515679

9 Chiseanne the Magician (level 2, 18/19 HPs)
             Began as a Demonspawn Hedge Wizard on Nov 11, 2020.
             Quit the game on level 1 of the Dungeon.
             The game lasted 00:00:31 (769 turns).

Chiseanne the Magician (Demonspawn Hedge Wizard)     Turns: 769, Time: 00:00:31

Health: 18/19      AC:  2    Str: 10    XL:     2   Next: 3%
Magic:  0/6        EV: 12    Int: 15    God:
Gold:   40         SH:  0    Dex: 12    Spells: 6/7 levels left

rFire    . . .     SeeInvis .   a - +0 dagger
rCold    . . .     Faith    .   (no shield)
rNeg     . . .     Spirit   .   b - +0 robe
rPois    .         Reflect  .   c - +0 hat
rElec    .         Harm     .   (no cloak)
rCorr    .         Rampage  .   (no gloves)
MR       .....                  (no boots)
Stlth    ++........             (no amulet)
HPRegen  0.06/turn              (no ring)
MPRegen  0.10/turn              (no ring)

@: no status effects
A: antennae 1
a: no special abilities


You were on level 1 of the Dungeon.
You visited 1 branch of the dungeon, and saw 1 of its levels.

You collected 40 gold pieces.

Inventory:

Hand Weapons
 a - a +0 dagger (weapon)
Missiles
 d - 12 arrows
 f - 16 stones (quivered)
Armour
 b - a +0 robe (worn)
 c - a +0 hat (worn)
Scrolls
 e - a scroll of teleportation {unknown}
 g - a scroll of fear {unknown}


   Skills:
 - Level 1.7 Dodging
 - Level 1.7 Stealth
 * Level 3.2 Spellcasting
 * Level 1.6 Conjurations
   Level 1.0 Summonings
   Level 0.8 Translocations


You had 6 spell levels left.
You knew the following spells:

 Your Spells              Type           Power        Failure   Level
a - Magic Dart            Conj           #...         10%         1

Your spell library contained the following spells:

 Spells                   Type           Power        Failure   Level
 Blink                    Tloc           N/A          21%         2
 Call Imp                 Summ           #.......     21%         2
 Slow                     Hex            #.......     30%         2
 Conjure Flame            Conj/Fire      #.......     38%         3
 Mephitic Cloud           Conj/Pois/Air  #.......     43%         3


Dungeon Overview and Level Annotations

Branches:
Dungeon (1/15)

Altars:


Innate Abilities, Weirdness & Mutations

You have a pair of small antennae on your head.


Message History

Casting: Magic Dart (safe; 11% risk of failure)
Confirm with . or Enter, or press ? or * to list all spells.
You don't have enough magic to cast that spell.
The hobgoblin closely misses you.
You hit the hobgoblin.
The hobgoblin is almost dead.
The hobgoblin misses you.
You barely miss the hobgoblin.
The hobgoblin is almost dead.
The hobgoblin hits you with a +0 club.
Your magical contamination has completely faded away.
You closely miss the hobgoblin.
The hobgoblin is almost dead.
The hobgoblin closely misses you.
You hit the hobgoblin.
You kill the hobgoblin!
You have reached level 2!
Your demonic ancestry asserts itself...
A pair of antennae grows on your head!
Are you sure you want to abandon this character and quit the game? (Confirm with "yes".)

#.#.## ##........#
#....####.........+
#....รท..'.........#
#....####.........#
#.#.## ##........#
#.### ##.....#.#
#.#### ##...##...
#....# ##+## #.##
####@# .# #)# #.#
#.# #.# #.. ###


There were no monsters in sight!

Vanquished Creatures
  A giant cockroach (D:1)
  A hobgoblin (D:1)
  3 jackals (D:1)
  2 kobolds (D:1)
7 creatures vanquished.

Notes
Turn   | Place    | Note
-------+----------+-------------------------------------------
     0 | D:1      | Chiseanne the Demonspawn Hedge Wizard began the quest for
                  | the Orb.
     0 | D:1      | Reached XP level 1. HP: 13/13 MP: 4/4
   768 | D:1      | Gained mutation: You have a pair of small antennae on your
                  | head. [demonic ancestry]
   768 | D:1      | Reached XP level 2. HP: 18/19 MP: 0/6
   769 | D:1      | Quit the game

Illustrated notes

Levels and vault maps discovered:
D:1:      minmay_arrival_statue_studded, layout_loops_corners,
          grunt_decor_arrowhead

Action                   || total
-------------------------++-------
Melee: Dagger            ||    29
 Cast: Magic Dart        ||    16
Armor: Robe              ||     6
Dodge: Dodged            ||    19

Table legend: (Time is in decaauts)
 A = Elapsed time spent in this place.
 B = Non-inter-level travel time spent in this place.
 C = Inter-level travel time spent in this place.
 D = Time resting spent in this place.
 E = Time spent auto-exploring this place.
 F = Levels seen in this place.
 G = Mean time per level.
                   A        B        C        D        E       F      G
               +--------+--------+--------+--------+--------+-----+--------+
         Total |    769 |    769 |      0 |    519 |    184 |   1 |  769.0 |
       Dungeon |    769 |    769 |      0 |    519 |    184 |   1 |  769.0 |
               +--------+--------+--------+--------+--------+-----+--------+

Top non-repeatable levels by time:
     D:1: 769 daAuts
